cohdb
Replays
Latest Replays
All Replays
Popular Replays
Top Player Replays
Match Explorer
How It Works
Community
CoH3 Stats
Reddit
Sign in to upload your games and track your stats! →
Sign in with Steam
Match 44119714
Unlisted
Match 44119714
Overview
Messages
Build Orders
End
Construct Barracks
Selects Advanced Infantry Battlegroup
Riflemen Squad
M1 Mortar Team
Grenade Package
Riflemen Squad
Engineer Squad
Selects Ammunition Storage
Selects Convert to Ranger Squad
Infantry Support Center
Selects Frontline Medical Station
Frontline Medical Station
Advanced Logistics
Construct Weapon Support Center
Engineer Squad
Convert to Ranger Squad
Munitions Surplus
Survival Training
Improved M9 Bazooka Rockets
Riflemen Squad
Selects M2A1 105mm Howitzer Emplacement
Selects Ranger Weapon Training
Engineer Squad
Convert to Ranger Squad
Demolitions Package
Selects 155mm Rapid Artillery Barrage
Convert to Ranger Squad
Üc207Pr4f57t9
[GER] Settra
aswe1216
Jork Sparra
隔壁老王
D i l d o _ S w a g g i n s
爬树的肥猪
vincent
0
0
Comments
sign in to comment!
No comments posted yet!